 Dungeon Crawl Stone Soup version 0.30-a0-40-gc6d0f036a7 (webtiles) character file.

Game seed: 1016832930767473229

3250 Pooter the Grappler (level 9, -5/88 HPs)
             Began as a Troll Monk on Aug 29, 2022.
             Was an Initiate of Gozag.
             Slain by a vampire mosquito (6 damage)
             ... on level 8 of the Dungeon.
             The game lasted 00:42:44 (7020 turns).

Pooter the Grappler (Troll Monk)                    Turns: 7020, Time: 00:42:45

Health: -5/88      AC:  4    Str: 23    XL:     9   Next: 67%
Magic:  8/8        EV: 10    Int:  8    God:    Gozag
Gold:   386        SH:  0    Dex: 12    Spells: 5/8 levels left

rFire   . . .      SeeInvis .      - Unarmed
rCold   . . .      Faith    .    (no shield)
rNeg    . . .      Spirit   .    a - +0 robe
rPois   .          Reflect  .    (helmet restricted)
rElec   .          Harm     .    (no cloak)
rCorr   .          Rampage  .    (gloves unavailable)
Will    .....                    (boots unavailable)
Stlth   ++........               (no amulet)
HPRegen 1.04/turn                (no ring)
MPRegen 0.11/turn                (no ring)

@: gold aura
A: large, unfitting armour, claws 3, regeneration 1, shaggy fur 1, tough skin 1
a: Renounce Religion, Potion Petition, Call Merchant, Bribe Branch


You were on level 8 of the Dungeon.
You worshipped Gozag.
Gozag was aware of your devotion.
You visited 1 branch of the dungeon, and saw 8 of its levels.
You also visited: Sewer.

You collected 1283 gold pieces.
You spent 897 gold pieces at shops.

Inventory:

Hand Weapons
 b - the +9 shortbow "Muipp" {speed, Str+2 Int+2 Dex+4}
   (You bought it in a shop on level 2 of the Dungeon)

   Attacks with this weapon are significantly faster.
   Str:       It affects your strength (+2).
   Int:       It affects your intelligence (+2).
   Dex:       It affects your dexterity (+4).
 m - a +0 trident
   (You found it on level 2 of the Dungeon)
 v - a +0 antimagic flail
   (You found it on level 4 of the Dungeon)
 y - a +0 war axe
   (You found it on level 5 of the Dungeon)
 C - a +1 sling
   (You bought it in a shop on level 2 of the Dungeon)
Missiles
 l - 41 poisoned darts (quivered)
 r - 3 large rocks
 A - 3 boomerangs
 Q - 95 stones
Armour
 a - a +0 robe (worn)
Jewellery
 B - an amulet of magic regeneration
   (You took it off an orc on level 6 of the Dungeon)
Wands
 t - a wand of flame (21)
   (You found it on level 3 of the Dungeon)
 x - a wand of acid (7)
   (You found it on level 6 of the Dungeon)
 D - a wand of digging (5)
   (You took it off Joseph on level 7 of the Dungeon)
Scrolls
 c - 2 scrolls of noise {!r}
 e - 2 scrolls of enchant armour
 f - 3 scrolls of fear {unknown}
 h - a scroll of poison {!r}
 o - 3 scrolls of teleportation {unknown}
 w - a scroll of blinking
 E - a scroll of amnesia {unknown}
Potions
 d - 4 potions of haste {unknown}
 g - 5 potions of curing {@q1}
 i - 5 potions of mutation {unknown}
 j - a potion of ambrosia
 k - 5 potions of heal wounds {@q2}
 n - a potion of resistance {unknown}
 p - a potion of cancellation {unknown}
 q - 2 potions of might {unknown}
 s - 4 potions of attraction {unknown}
 u - 2 potions of invisibility {unknown}
 z - 2 potions of lignification {unknown}


   Skills:
 + Level 5.2 Fighting
 + Level 3.3 Ranged Weapons
 + Level 4.7 Throwing
 - Level 2.4 Dodging
 + Level 3.5 Stealth
 * Level 8.5 Unarmed Combat
 + Level 1.9 Necromancy


You had 5 spell levels left.
You knew the following spells:

 Your Spells              Type           Power      Damage    Failure   Level
q - Vampiric Draining     Necr           3%         2d6       52%         3

Your spell library contained the following spells:

 Spells                   Type           Power      Damage    Failure   Level
 Necrotise                Necr           12%        1d4       21%         1
 Dazzling Flash           Conj/Hex       0%         N/A       78%         3
 Frozen Ramparts          Ice            0%         1d1       78%         3
 Gell's Gravitas          Tloc           0%         N/A       78%         3
 Lesser Beckoning         Tloc           0%         N/A       78%         3
 Teleport Other           Tloc           0%         N/A       78%         3
 Fulminant Prism          Conj/Hex       0%         3d6       99%         4
 Ice Form                 Ice/Tmut       0%         N/A       99%         4
 Iskenderun's Mystic Bla  Conj/Tloc      0%         2d3       99%         4
 Summon Ice Beast         Ice/Summ       0%         N/A       99%         4
 Agony                    Necr           3%         N/A       99%         5
 Lee's Rapid Deconstruct  Erth           0%         3d5*      100%        5
 Starburst                Conj/Fire      0%         6d3       100%        6


Dungeon Overview and Level Annotations

Branches:
Dungeon (8/15)             Temple (0/1) D:5           Sewer (visited)
   Lair: D:8-11

Altars:
Elyvilon
Gozag
Ru
Wu Jian
Yredelemnul

Shops:
D:2 ((*   D:7 (


Innate Abilities, Weirdness & Mutations

You are too large for most types of armour.
You have claws for hands.
Your natural rate of healing is unusually fast.
You are covered in fur. (AC +1)
You have tough skin. (AC +1)


Message History

The vampire mosquito bites you.
The vampire mosquito draws strength from your injuries!
The vampire mosquito barely misses you. The vampire mosquito bites you.
The vampire mosquito draws strength from your injuries!
You scratch the vampire mosquito.
You destroy the vampire mosquito!
The vampire mosquito barely misses you. The vampire mosquito bites you!
The vampire mosquito draws strength from your injuries!
The vampire mosquito bites you!
The vampire mosquito draws strength from your injuries!
The vampire mosquito bites you.
The vampire mosquito draws strength from your injuries!
You scratch the vampire mosquito. The vampire mosquito bites you.
The vampire mosquito draws strength from your injuries!
The vampire mosquito bites you.
* * * LOW HITPOINT WARNING * * *
The vampire mosquito draws strength from your injuries!
The vampire mosquito barely misses you. x2; The vampire mosquito bites you!
* * * LOW HITPOINT WARNING * * *
The vampire mosquito draws strength from your injuries!
The vampire mosquito closely misses you.
The vampire mosquito bites you!
* * * LOW HITPOINT WARNING * * *
The vampire mosquito draws strength from your injuries!
The vampire mosquito bites you.
* * * LOW HITPOINT WARNING * * *
The vampire mosquito draws strength from your injuries!
The vampire mosquito completely misses you.
The vampire mosquito closely misses you.
The vampire mosquito bites you but does no damage.
You see here 6 gold pieces.
The vampire mosquito attacks as you move away!
The vampire mosquito closely misses you.
The vampire mosquito bites you!
* * * LOW HITPOINT WARNING * * *
The vampire mosquito draws strength from your injuries!
The vampire mosquito closely misses you.
The vampire mosquito barely misses you. The vampire mosquito bites you!
* * * LOW HITPOINT WARNING * * *
The vampire mosquito draws strength from your injuries!
There is a stone staircase leading up here.
The vampire mosquito bites you.
* * * LOW HITPOINT WARNING * * *
The vampire mosquito draws strength from your injuries!
The vampire mosquito barely misses you. The vampire mosquito bites you.
* * * LOW HITPOINT WARNING * * *
The vampire mosquito draws strength from your injuries!
The vampire mosquito bites you.
You die...
Your body crumbles into a pile of gold.

.# #######.#
#.......#
#..(....#
#.......##
#####........#
$
....=..$.....#
........yyy..#
.........@#..#
......#####
.... $ ......
..# #.##.# .
.. .. ##. $


You could see 3 vampire mosquitoes.

Vanquished Creatures
  Joseph (D:7)
  A troll (D:7)
  Grinder (Sewer)
  A vampire mosquito (D:8)
  A water moccasin (D:5)
  An ice beast (D:6)
  A sky beast (D:6)
  An orc warrior (D:7)
  A black bear (D:7)
  3 kobold brigands
  3 necrophages
  5 scorpions
  3 wights (D:7)
  2 quasits (Sewer)
  4 hounds
  5 jellies
  4 orc priests
  A gnoll bouda (D:7)
  2 iguanas
  7 orc wizards
  5 gnolls (D:7)
  9 adders
  2 shadow imps (Sewer)
  7 ufetubi
  2 worms
  2 dart slugs
  36 orcs
  6 ball pythons
  9 endoplasms
  6 giant cockroaches
  11 hobgoblins
  6 jackals
  28 kobolds
  8 quokkas
  7 bats
  2 frilled lizards (D:3)
  A giant cockroach zombie (Sewer)
  6 goblins
  2 kobold zombies (Sewer)
  3 rats
206 creatures vanquished.

Vanquished Creatures (others)
  A giant cockroach zombie (Sewer)
  A fungus (D:3)
2 creatures vanquished.

Grand Total: 208 creatures vanquished

Notes
Turn   | Place    | Note
-------+----------+-------------------------------------------
     0 | D:1      | Pooter the Troll Monk began the quest for the Orb.
     0 | D:1      | Reached XP level 1. HP: 22/22 MP: 0/0
   265 | D:1      | Reached XP level 2. HP: 28/29 MP: 1/1
   655 | D:2      | Found Ecodel's General Store.
   675 | D:2      | Reached XP level 3. HP: 36/36 MP: 2/2
   717 | D:2      | Bought a scroll of identify for 24 gold pieces
   717 | D:2      | Bought a +0 sling for 18 gold pieces
   789 | D:2      | Reached skill level 1 in Throwing
   815 | D:2      | Found Luesmet's Antique Weapon Shop.
   873 | D:2      | Found Haijimev's Weapon Shop.
   964 | D:2      | Reached XP level 4. HP: 44/44 MP: 3/3
  1189 | D:2      | Reached skill level 4 in Unarmed Combat
  1611 | D:3      | Found an opulent altar of Gozag.
  1617 | D:3      | Reached XP level 5. HP: 52/52 MP: 4/4
  1622 | D:3      | Became a worshipper of Gozag Ym Sagoz the Greedy
  2395 | D:4      | Found a glowing drain.
  2472 | Sewer    | Entered a sewer
  2494 | Sewer    | Reached XP level 6. HP: 61/61 MP: 5/5
  2544 | Sewer    | Reached skill level 1 in Ranged Weapons
  2625 | Sewer    | Found a burning altar of Makhleb.
  2661 | Sewer    | Noticed Grinder
  2667 | Sewer    | Paralysed by Grinder for 5 turns
  2676 | Sewer    | Paralysed by Grinder for 2 turns
  2683 | Sewer    | HP: 2/61 [Grinder (6)]
  2685 | Sewer    | Paralysed by Grinder for 4 turns
  2692 | Sewer    | Paralysed by Grinder for 2 turns
  2696 | Sewer    | Killed Grinder
  2697 | Sewer    | Reached skill level 5 in Unarmed Combat
  2697 | Sewer    | Reached XP level 7. HP: 21/67 MP: 6/6
  3273 | D:4      | Found an ornate altar of the Wu Jian Council.
  4094 | D:5      | Entered Level 5 of the Dungeon
  4119 | D:5      | Reached skill level 6 in Unarmed Combat
  4246 | D:5      | Reached XP level 8. HP: 75/78 MP: 7/7
  4332 | D:5      | Found a staircase to the Ecumenical Temple.
  5083 | D:6      | Reached skill level 7 in Unarmed Combat
  5178 | D:2      | Bought the +9 shortbow "Muipp" {speed, Str+2 Int+2 Dex+4}
                  | for 855 gold pieces
  5289 | D:6      | Found a white marble altar of Elyvilon.
  5289 | D:6      | Found a sacrificial altar of Ru.
  5289 | D:6      | Found a basalt altar of Yredelemnul.
  5548 | D:7      | Noticed a troll
  5563 | D:7      | Killed a troll
  5657 | D:7      | Learned a level 3 spell: Vampiric Draining
  5692 | D:7      | Reached XP level 9. HP: 85/85 MP: 8/8
  6061 | D:7      | Found Diw Koub's Antique Weapon Emporium.
  6201 | D:7      | Reached skill level 1 in Necromancy
  6235 | D:7      | Reached skill level 8 in Unarmed Combat
  6407 | D:7      | Noticed Joseph
  6423 | D:7      | Reached skill level 5 in Fighting
  6620 | D:7      | Killed Joseph
  7020 | D:8      | HP: 1/88 [vampire mosquito (5)]
  7020 | D:8      | Slain by a vampire mosquito

Illustrated notes

Levels and vault maps discovered:
D:1:      dpeg_arrival_simpleton_b, layout_basic
D:2:      layout_rooms, serial_shops, nicolae_lakefront_shop,
          nicolae_shop_bloodbath_and_beyond, nicolae_shop_trees, hex_tiny,
          grunt_ministairs_4, roderic_serpentine_path
D:3:      layout_basic, mainiacjoe_overflow_boulevard
D:4:      layout_basic, mainiacjoe_overflow_six_doors_small,
          cheibrodos_sewer_entry_drain, serial_glass, glass_columns_a,
          glass_columns_b, chequers_jeans
D:5:      layout_cave_pools, minmay_temple_entry_butterflies
D:6:      layout_cave_pools, gammafunk_temple_overflow_forgotten,
          kennysheep_donut
D:7:      layout_gridville, serial_shops, nicolae_shop_waterfront, uniq_joseph
D:8:      layout_basic, mainiacjoe_overflow_surrounded_room,
          minmay_misc_feat_rugged

Skill      XL: |  1  2  3  4  5  6  7  8  9 |
---------------+----------------------------+-----
Throwing       | 1 2 3 4 |  4.7
Unarmed Combat | 4 5 6 7 8 |  8.5
Fighting       | 3 4 5 |  5.2
Ranged Weapons | 1 2 3 |  3.3
Stealth        | 2 3 |  3.5
Necromancy     | 1 |  1.9
Dodging        | |  2.4

Action                   |  1- 3 |  4- 6 |  7- 9 || total
-------------------------+-------+-------+-------++-------
Melee: Unarmed           |    63 |   103 |   224 ||   390
       Punch             |     1 |     1 |     6 ||     8
 Fire: Sling             |    18 |   117 |    90 ||   225
       Shortbow          |       |       |   104 ||   104
Throw: Stone             |     4 |       |       ||     4
       Large rock        |       |     6 |     3 ||     9
Evoke: Wand              |       |     2 |       ||     2
  Use: Scroll            |     3 |     5 |     3 ||    11
 Stab: Sleeping          |     4 |       |       ||     4
Armor: Robe              |    15 |    83 |    68 ||   166
Dodge: Dodged            |    34 |    87 |   138 ||   259

Table legend: (Time is in decaauts)
 A = Elapsed time spent in this place.
 B = Non-inter-level travel time spent in this place.
 C = Inter-level travel time spent in this place.
 D = Time resting spent in this place.
 E = Time spent auto-exploring this place.
 F = Levels seen in this place.
 G = Mean time per level.
                   A        B        C        D        E       F      G
               +--------+--------+--------+--------+--------+-----+--------+
         Total |   7017 |   6631 |    386 |   1046 |   3908 |   9 |  779.7 |
       Dungeon |   6219 |   5833 |    386 |    685 |   3728 |   8 |  777.4 |
         Sewer |    798 |    798 |      0 |    361 |    179 |   1 |  798.0 |
               +--------+--------+--------+--------+--------+-----+--------+

Top non-repeatable levels by time:
     D:7: 1248 daAuts
     D:4: 1099 daAuts
     D:3: 999 daAuts
     D:6: 912 daAuts
   Sewer: 798 daAuts
     D:2: 687 daAuts
     D:1: 652 daAuts
     D:5: 605 daAuts
     D:8: 15 daAuts
